 Dungeon Crawl Stone Soup version 0.30.1-1-g62c8e00024 (webtiles) character file.

Game seed: 15125768046708052394

43109 cheesebisquit the Severer (level 14, -15/133 HPs)
             Began as a Hill Orc Fighter on July 15, 2023.
             Was a High Priest of Beogh.
             Demolished by an orc knight
             ... wielding a +2 war axe of freezing
              (38 damage)
             ... on level 2 of the Orcish Mines.
             The game lasted 01:05:14 (21477 turns).

cheesebisquit the Severer (Hill Orc Fighter)       Turns: 21477, Time: 01:05:14

Health: -15/133    AC: 21    Str: 30    XL:     14   Next: 22%
Magic:  21/21      EV:  9    Int:  8    God:    Beogh [*****.]
Gold:   1472       SH: 12    Dex: 13    Spells: 13/13 levels left

rFire   + . .        a - +9 hand axe "Kaci" {freeze, rF+ Dex+3}
rCold   + . .        d - +0 kite shield of Good Intentions {Harm *Corrode Regen+ Stlth+}
rNeg    . . .        N - +1 plate armour
rPois   .            U - +1 helmet
rElec   .            P - +1 cloak
rCorr   .            (no gloves)
SInv    .            (no boots)
Will    +....        L - amulet of the acrobat Stlth
                     Z - +6 ring of strength
HPRegen 1.22/turn    H - ring of protection from cold
MPRegen 0.17/turn

%: corrode self (3%), harm (+30% outgoing, +20% incoming), acrobat
@: no status effects
A: walk on water
a: Renounce Religion, Smiting, Recall Orcish Followers, Give Item to Named
Follower


You were on level 2 of the Orcish Mines.
You worshipped Beogh.
Beogh was extremely pleased with you.
You visited 4 branches of the dungeon, and saw 20 of its levels.

You collected 1916 gold pieces.
You spent 444 gold pieces at shops.

Inventory:

Hand Weapons
 a - the +9 hand axe "Kaci" (weapon) {freeze, rF+ Dex+3}
   (You acquired it on level 7 of the Dungeon)

   Dex:       It affects your dexterity (+3).
   rF:        It protects you from fire.
 b - a +0 morningstar of freezing
 e - a +2 spectral broad axe
 r - a +4 vampiric halberd
 S - a +0 trident
 Y - a +0 trident
Missiles
 n - 49 poisoned darts (quivered)
 y - 18 boomerangs
 D - 4 throwing nets
 O - 6 curare-tipped darts
 T - 4 silver javelins
Armour
 d - the +0 kite shield of Good Intentions (worn) {Harm *Corrode Regen+ Stlth+}
   (You found it on level 2 of the Dungeon)

   Regen:     It increases your rate of health regeneration.
   *Corrode:  It may corrode you when you take damage.
   Harm:      It increases damage dealt and taken.
   Stlth:     It makes you more stealthy.
 C - the +2 buckler of Resonance {Rampage rC- Str+2}
   (You found it on level 9 of the Dungeon)

   Str:       It affects your strength (+2).
   rC:        It makes you vulnerable to cold.
   Rampage:   It bestows one free step when moving towards enemies.
 N - a +1 plate armour (worn)
 P - a +1 cloak (worn)
 U - a +1 helmet (worn)
Jewellery
 G - a +6 ring of intelligence
 H - a ring of protection from cold (right hand)
 L - an amulet of the acrobat (around neck)
 Z - a +6 ring of strength (left hand)
Wands
 h - a wand of flame (67)
 v - a wand of mindburst (7)
 B - a wand of roots (19)
 E - a wand of digging (15)
 I - a wand of paralysis (21)
 X - a wand of polymorph (4)
Scrolls
 c - 6 scrolls of blinking
 f - a scroll of silence
 l - 11 scrolls of teleportation
 m - 3 scrolls of magic mapping
 o - a scroll of butterflies
 p - 2 scrolls of vulnerability
 q - 6 scrolls of poison
 w - 4 scrolls of fear
 x - 3 scrolls of fog
 z - a scroll of torment
 M - a scroll of identify
 Q - a scroll of immolation
Potions
 g - 3 potions of mutation
 i - 10 potions of curing
 j - 2 potions of magic
 k - 2 potions of attraction
 s - 2 potions of lignification
 t - 3 potions of might
 u - a potion of heal wounds
 A - 3 potions of haste
 F - 6 potions of flight
 J - 3 potions of cancellation
 K - 3 potions of brilliance
 W - 7 potions of ambrosia
Miscellaneous
 R - a phial of floods
 V - a lightning rod (4/4)


   Skills:
 * Level 14.3 Fighting
 + Level 16.1 Axes
 + Level 11.4 Armour
 + Level 5.3 Dodging
 + Level 12.3 Shields
 + Level 9.9 Invocations


You had 13 spell levels left.
You didn't know any spells.
Your spell library contained the following spells:

 Spells                   Type           Power      Damage    Failure   Level
 Apportation              Tloc           0%         N/A       99%         1
 Beastly Appendage        Tmut           0%         N/A       99%         1
 Summon Small Mammal      Summ           0%         N/A       99%         1
 Blink                    Tloc           0%         N/A       100%        2
 Ensorcelled Hibernation  Hex/Ice        0%         N/A       100%        2
 Passwall                 Tmut/Erth      0%         N/A       100%        2
 Sublimation of Blood     Necr           0%         N/A       100%        2
 Wereblood                Tmut           0%         N/A       100%        2
 Call Canine Familiar     Summ           0%         N/A       100%        3
 Inner Flame              Hex/Fire       0%         N/A       100%        3
 Spider Form              Tmut/Pois      0%         N/A       100%        3
 Summon Guardian Golem    Hex/Summ       0%         N/A       100%        3
 Swiftness                Air            0%         N/A       100%        3
 Tukima's Dance           Hex            0%         N/A       100%        3
 Manifold Assault         Tloc           0%         N/A       100%        4
 Passage of Golubria      Tloc           0%         N/A       100%        4
 Alistair's Intoxication  Tmut/Pois      0%         N/A       100%        5
 Yara's Violent Unravell  Hex/Tmut       0%         3d3       100%        5
 Simulacrum               Ice/Necr       0%         N/A       100%        6
 Enfeeble                 Hex            0%         N/A       100%        7
 Ozocubu's Refrigeration  Ice            0%         4d7       100%        7
 Storm Form               Tmut/Air       0%         N/A       100%        7
 Summon Hydra             Summ           0%         N/A       100%        7
 Polar Vortex             Ice            0%         N/A       100%        9


Dungeon Overview and Level Annotations

Branches:
Dungeon (12/15)            Temple (1/1) D:4            Lair (5/5) D:11
  Swamp (0/4) Lair:2        Snake (0/4) Lair:2        Slime (0/5) Lair:4
    Orc (2/2) D:12            Elf (0/3) Orc:2

Altars:
Ashenzari
Cheibriados
Dithmenos
Elyvilon
Fedhas
Gozag
Hepliaklqana
Kikubaaqudgha
Makhleb
Nemelex Xobeh
Okawaru
Qazlal
Ru
Sif Muna
Trog
Uskayaw
Vehumet
Wu Jian
Xom
Yredelemnul
Zin
The Shining One
Beogh
Jiyva

Shops:
Orc:2 =?

Portals:
Trove: D:12 (give +7 demon whip)


Message History

Your orc priest barely misses the orc knight.
The orc sorcerer gestures at you while chanting.
You resist with some effort. You block something's attack.
Deactivating autopickup; reactivate with Ctrl-A.
Your rust devil hits the orc warlord.
Your rust devil corrodes the orc warlord!
Your orc sorcerer gestures at the orc warlord while chanting.
The bolt of negative energy hits the orc warlord!
The orc warlord is drained!
The orc knight hits you but does no damage.
The orc knight barely misses your orc priest.
Your orc warrior hits the orc warlord with a +0 mace.
The orc warrior hits you from afar with a +0 glaive!
* * * LOW HITPOINT WARNING * * *
The ynoxinul gestures.
You feel much better.
The ufetubus barely misses your orc priest.
The ufetubus closely misses your orc priest.
Your orc warrior barely misses the orc sorcerer.
The rust devil hits your orc warrior!
Your orc warrior dies!
The orc sorcerer points at you and mumbles some strange words.
The bolt of fire hits you! You resist.
* * * LOW HITPOINT WARNING * * *
Your orc priest hits the orc knight with a +0 dagger.
Your orc closely misses the ufetubus.
The orc warrior misses your orc.
Your orc warrior hits the ynoxinul with a +0 glaive!!
The orc high priest mumbles some strange prayers to Beogh against you.
Beogh smites you!
* * * LOW HITPOINT WARNING * * *
Your orc warrior hits the orc warlord with a +0 mace!
The orc warlord hits your orc warrior with a +0 dire flail.
Your orc sorcerer points at the orc warlord and mumbles some strange words.
The bolt of negative energy hits the orc warlord!
The orc warlord is drained!
The bolt of negative energy hits the ufetubus.
The ufetubus completely resists.
The orc knight hits you with a +2 war axe of freezing!!
You die...
Beogh appreciates the orc knight's killing of a heretic priest.

..##..^....#..#.##
#.###......###...#
............##..#####
..).........#...>#..#..
...........###.........
......#######.).).#.###
......# #..o4.# #
......# #8)oo8# ......#
#))o@5# ....#..#
#4o)o)# .....##.
#...)oo5oo.
##...o3.)5o#
.....ยง3o5)...
.........3...o.
......._5o55....
........5......


You could see an orc warlord (strong, distracted, corroded, drained, ally
target), 2 orc knights, an orc high priest (strong), a sun demon (summoned), a
rust devil (summoned), a neqoxec (summoned), a ynoxinul (summoned, distracted),
an orc sorcerer (strong), 4 orc warriors, an orc priest (strong), 8 ufetubi, a
friendly rust devil (summoned), a friendly orc sorcerer, 2 friendly orc
warriors, a friendly orc priest (strong) and a friendly orc (strong).

Vanquished Creatures
  The ghost of woowoo the Grappler, a journeyman TrFi of the Shining One (Lair:2)
  Erolcha (D:9)
  A merfolk avatar (Lair:5)
  An alligator (Lair:5)
  A boulder beetle (D:12)
  3 two-headed ogres
  A sea snake (Lair:5)
  3 skysharks
  A bog body (Lair:2)
  Pikel (D:9)
  An ugly thing (D:12)
  A cyclops (D:12)
  5 elephants
  A torpor snail (Lair:5)
  2 slime creatures (D:12)
  2 black mambas
  5 cane toads
  A gargoyle (D:11)
  A rime drake (Lair:5)
  An unseen horror (D:11)
  9 komodo dragons
  Psyche (D:10)
  A queen bee (Lair:1)
  2 trolls (D:12)
  3 hornets (Lair:5)
  2 polar bears
  7 blink frogs
  13 dream sheep
  Sigmund (D:2)
  A wraith (D:9)
  2 shadows
  A vampire (D:12)
  20 yaks
  6 wyverns
  2 basilisks
  5 steam dragons
  2 vampire mosquitoes (D:12)
  Menkaure (D:4)
  2 nagas (Lair:2)
  An acid dragon (D:11)
  A swamp worm (Lair:1)
  7 water moccasins
  6 orc warriors
  Pargi (D:4)
  An ice beast (D:7)
  5 ogres
  14 wolves
  2 black bears (D:7)
  2 centaurs
  2 phantoms
  A lemure (D:9)
  A kobold brigand (D:10)
  A gnoll sergeant (D:7)
  2 bullfrogs
  4 scorpions
  21 killer bees
  3 hounds
  11 orc priests
  3 hell rats (Lair:3)
  3 sleepcaps (D:7)
  4 iguanas
  15 orc wizards
  Robin (D:2)
  4 gnolls (D:7)
  2 adders
  A shadow imp (D:7)
  2 white imps
  2 ufetubi
  4 dart slugs
  44 orcs
  4 ball pythons
  2 bats (D:2)
  8 endoplasms
  4 giant cockroaches (D:4)
  14 goblins
  12 hobgoblins
  A quokka (D:3)
  3 frilled lizards
  6 kobolds
  3 rats
343 creatures vanquished.

Vanquished Creatures (collateral kills)
  A minotaur (Lair:2)
  A hydra (Lair:5)
  A catoblepas (Lair:5)
  A skyshark (Lair:5)
  An ugly thing (D:11)
  A manticore (Lair:5)
  2 black mambas (Lair:5)
  Maurice (D:10)
  4 elephants
  6 cane toads
  A gargoyle (D:12)
  3 rime drakes
  6 komodo dragons
  2 wind drakes (Lair:5)
  5 polar bears
  5 blink frogs
  2 dream sheep
  9 yaks
  3 wyverns
  A basilisk (Lair:2)
  2 steam dragons (Lair:5)
  2 swamp worms (Lair:1)
  2 water moccasins
  7 orc warriors
  4 wolves
  A centaur (D:11)
  A bullfrog (Lair:3)
  14 killer bees
  An orc priest (Orc:1)
  5 orc wizards
  A hell rat (Lair:3)
  10 orcs
  4 kobolds (D:10)
  2 butterflies (Lair:3)
112 creatures vanquished.

Vanquished Creatures (others)
  An orc sorcerer (Lair:5)
  7 orc warriors
  2 orc knights
  6 orc priests
  4 orc wizards
  25 orcs
45 creatures vanquished.

Grand Total: 500 creatures vanquished

Notes
Turn   | Place    | Note
-------+----------+-------------------------------------------
     0 | D:1      | cheesebisquit the Hill Orc Fighter began the quest for the
                  | Orb.
     0 | D:1      | Reached XP level 1. HP: 19/19 MP: 1/1
   296 | D:1      | Reached skill level 3 in Axes
   372 | D:1      | Reached XP level 2. HP: 25/27 MP: 2/2
   825 | D:2      | Noticed Sigmund
   836 | D:2      | Killed Sigmund
   837 | D:2      | Reached skill level 5 in Axes
   837 | D:2      | Reached XP level 3. HP: 27/34 MP: 3/3
   837 | D:2      | Reached XP level 4. HP: 33/41 MP: 4/4
   837 | D:2      | Reached XP level 5. HP: 37/47 MP: 5/5
   877 | D:2      | You fall into a shaft and drop 2 floors!
  1158 | D:2      | Noticed Robin
  1217 | D:2      | Identified the +0 kite shield of Good Intentions {Harm
                  | *Corrode Regen+ Stlth+}
  1265 | D:2      | Reached XP level 6. HP: 51/53 MP: 6/6
  1278 | D:2      | Killed Robin
  2138 | D:4      | Noticed Pargi
  2155 | D:4      | Killed Pargi
  2243 | D:4      | Found a staircase to the Ecumenical Temple.
  2254 | Temple   | Entered the Ecumenical Temple
  2543 | D:4      | Reached skill level 5 in Fighting
  2543 | D:4      | Reached skill level 6 in Axes
  2543 | D:4      | Reached skill level 5 in Shields
  2609 | D:4      | Found a radiant altar of Vehumet.
  2629 | D:4      | Noticed Menkaure
  2641 | D:4      | Killed Menkaure
  2642 | D:4      | Reached XP level 7. HP: 18/61 MP: 7/7
  2696 | D:4      | Identified the +0 sling of the Lonely Eyes {heavy, Fragile
                  | Int+3 Dex+2}
  3421 | D:5      | Entered Level 5 of the Dungeon
  3443 | D:5      | Became a worshipper of Beogh the Brigand
  3453 | D:5      | Reached skill level 5 in Armour
  3489 | D:5      | Reached skill level 7 in Axes
  3512 | D:5      | Reached XP level 8. HP: 62/70 MP: 8/8
  3553 | D:5      | Found an opulent altar of Gozag.
  3650 | D:5      | Found an ornate altar of the Wu Jian Council.
  3812 | D:5      | Reached skill level 8 in Axes
  4304 | D:6      | Reached skill level 9 in Axes
  4304 | D:6      | Reached XP level 9. HP: 78/78 MP: 9/9
  4336 | D:6      | Reached * piety under Beogh
  4537 | D:6      | Found a sparkling altar of Nemelex Xobeh.
  4584 | D:6      | Found an iron altar of Okawaru.
  5272 | D:7      | Identified a scroll of acquirement
  5301 | D:7      | Acquired the +9 hand axe "Kaci" {freeze, rF+ Dex+3}
  5474 | D:7      | Found a huge runed translucent gate.
  5474 | D:7      | Found a huge runed translucent gate.
  5474 | D:7      | Found a huge runed translucent gate.
  5474 | D:7      | Found a huge runed translucent gate.
  5474 | D:7      | Noticed a polar bear
  5474 | D:7      | Noticed a polar bear
  5486 | D:7      | Found a shimmering altar of Xom.
  5512 | D:7      | Reached skill level 10 in Axes
  6150 | D:8      | Reached ** piety under Beogh
  6252 | D:8      | Found a glowing silver altar of Zin.
  6252 | D:8      | Noticed an angel
  6405 | D:8      | Found a bloodstained altar of Trog.
  6591 | D:9      | Reached skill level 11 in Axes
  6593 | D:9      | Reached XP level 10. HP: 75/88 MP: 10/10
  6681 | D:9      | Reached skill level 12 in Axes
  6682 | D:9      | Reached skill level 1 in Invocations
  6924 | D:9      | Noticed Pikel
  6932 | D:9      | Killed Pikel
  6955 | D:9      | Found a snail-covered altar of Cheibriados.
  6990 | D:9      | Identified the +2 buckler of Resonance {Rampage rC- Str+2}
  7110 | D:9      | Reached *** piety under Beogh
  7189 | D:9      | Noticed Erolcha
  7235 | D:9      | Killed Erolcha
  7476 | D:10     | Entered Level 10 of the Dungeon
  7701 | D:10     | Reached skill level 13 in Axes
  7702 | D:10     | Reached XP level 11. HP: 97/97 MP: 13/13
  7853 | D:10     | Noticed Maurice
  7854 | D:10     | Noticed a two-headed ogre
  7860 | D:10     | Killed Maurice
  7864 | D:10     | Killed a two-headed ogre
  7977 | D:10     | Noticed Psyche
  7983 | D:10     | Killed Psyche
  8277 | D:11     | Noticed a cyan ugly thing
  8281 | D:11     | Noticed a two-headed ogre
  8286 | D:11     | Killed a cyan ugly thing
  8289 | D:11     | Killed a two-headed ogre
  8547 | D:11     | Found a staircase to the Lair.
  9010 | D:11     | Reached skill level 10 in Shields
  9585 | D:12     | Found a portal to a secret trove of treasure.
  9601 | D:12     | Reached skill level 5 in Invocations
  9648 | D:12     | Reached skill level 14 in Axes
  9668 | D:12     | Noticed a brown ugly thing
  9673 | D:12     | Noticed a cyclops
  9678 | D:12     | Killed a brown ugly thing
  9683 | D:12     | Killed a cyclops
  9734 | D:12     | Found a blossoming altar of Fedhas.
  9752 | D:12     | Noticed a two-headed ogre
  9762 | D:12     | Reached skill level 10 in Fighting
  9766 | D:12     | Killed a two-headed ogre
  9766 | D:12     | Gained Morbeogh as an ally
  9767 | D:12     | Reached skill level 1 in Dodging
 10124 | D:12     | Found a staircase to the Orcish Mines.
 10126 | D:12     | Noticed a boulder beetle
 10142 | D:12     | Killed a boulder beetle
 10222 | D:12     | Reached XP level 12. HP: 65/108 MP: 16/16
 10465 | D:7      | Reached **** piety under Beogh
 10518 | D:7      | Found a shimmering altar of Xom.
 11956 | D:11     | Found a staircase to the Lair.
 12278 | Lair:1   | Entered Level 1 of the Lair of Beasts
 13439 | Lair:1   | Reached skill level 10 in Armour
 13447 | Lair:1   | Gained Spirok as an ally
 14419 | Lair:2   | Found a staircase to the Swamp.
 14571 | Lair:2   | Found a staircase to the Snake Pit.
 14990 | Lair:2   | Found a runed translucent gate.
 14990 | Lair:2   | Found a runed translucent gate.
 14990 | Lair:2   | Found a runed translucent gate.
 14992 | Lair:2   | Noticed a skyshark
 14993 | Lair:2   | Noticed a minotaur
 14996 | Lair:2   | Noticed woowoo's ghost (journeyman TrFi)
 15858 | Lair:3   | Reached skill level 15 in Axes
 15861 | Lair:3   | Gained Marbaugh as an ally
 16527 | Lair:3   | Reached XP level 13. HP: 118/118 MP: 18/18
 16532 | Lair:3   | Reached ***** piety under Beogh
 18788 | Lair:4   | Found a viscous altar of Jiyva.
 18789 | Lair:4   | Found a staircase to the Slime Pits.
 19104 | Lair:5   | Entered Level 5 of the Lair of Beasts
 19169 | Lair:5   | Your ally Spirok died
 19841 | Lair:5   | Reached skill level 5 in Dodging
 19891 | Lair:5   | Reached XP level 14. HP: 130/130 MP: 21/21
 20032 | Lair:5   | Reached ****** piety under Beogh
 20038 | Lair:5   | Reached skill level 16 in Axes
 20360 | Lair:2   | Killed woowoo's ghost
 20520 | Orc:1    | Entered Level 1 of the Orcish Mines
 20872 | Orc:2    | Entered Level 2 of the Orcish Mines
 20872 | Orc:2    | Found Digocor's Magic Scroll Shoppe.
 21369 | Orc:2    | Found Isehue Ixku's Jewellery Boutique.
 21407 | Orc:2    | Bought a scroll of magic mapping for 90 gold pieces
 21407 | Orc:2    | Bought a scroll of identify for 24 gold pieces
 21407 | Orc:2    | Bought a scroll of teleportation for 36 gold pieces
 21407 | Orc:2    | Bought a scroll of torment for 114 gold pieces
 21407 | Orc:2    | Bought a scroll of enchant armour for 90 gold pieces
 21407 | Orc:2    | Bought a scroll of blinking for 90 gold pieces
 21440 | Orc:2    | Found a staircase to the Elven Halls.
 21460 | Orc:2    | Noticed an orc warlord
 21460 | Orc:2    | Paralysed by an orc sorcerer for 3 turns
 21471 | Orc:2    | Found a roughly hewn altar of Beogh.
 21477 | Orc:2    | Demolished by an orc knight

Illustrated notes

Levels and vault maps discovered:
D:1:      minmay_arrival_cross, layout_loops_ring
D:2:      layout_rooms, uniq_robin, uniq_sigmund
D:3:      layout_basic
D:4:      minmay_inner_zag, layout_gridville, vehumet_crystals,
          minmay_temple_entry_drinking_statues, uniq_pargi, uniq_menkaure
D:5:      layout_rooms, kennysheep_mini, mainiacjoe_overflow_cross_hatched
D:6:      layout_cave_pools, kennysheep_little_box,
          nemelex_xobeh_ov_fountains_minmay
D:7:      lemuel_bear_cage, layout_basic, mainiacjoe_overflow_alcove_1,
          grunt_ministairs_12, hangedman_decor_push
D:8:      layout_basic, trog_hazing_becter, zin_angel, patterned_corridor
D:9:      layout_gridville, mainiacjoe_overflow_small_starburst, uniq_pikel,
          uniq_erolcha
D:10:     layout_loops_cross, uniq_maurice, uniq_psyche
D:11:     layout_long_grid, lair_entry_dummy, lightli_orcish_oven
D:12:     layout_small_grid, orc_0_dummy, enter_trove_3, fedhas_ov_isle_minmay
Temple:   nicolae_temple_figure_eight
Lair:1:   layout_long_grid, special_room [special_room_bee], worms_lemuel,
          lemuel_fruit_fields
Lair:2:   layout_roguey, skrybe_swamp_entry_bodies,
          minmay_snake_entry_guardpost_small, maelrawn_ghost_gauntlet_escape
Lair:3:   layout_cave_pods, lemuel_fruit_fields, grunt_megastairs_2,
          lemuel_fruit_tree
Lair:4:   layout_roguey, dpeg_slime_entry_enclosed, lemuel_fruit_fields,
          serial_bayou_shore_b, lemuel_fruit_fields, grunt_megastairs_5
Lair:5:   gammafunk_lair_ancient_temple, layout_big_grid, st_stairs_3
Orc:1:    layout_caves
Orc:2:    grunt_orc_cross, layout_caves, serial_shops, shop,
          guppyfry_orc_lava_fort

Skill      XL: |  1  2  3  4  5  6  7  8  9 10 11 12 13 14 |
---------------+-------------------------------------------+-----
Axes           | 3 5 6 7 9 11 13 14 15 16 | 16.1
Fighting       | 4 5 6 8 9 10 12 13 14 | 14.3
Armour         | 4 5 6 7 8 9 10 11 | 11.4
Shields        | 4 5 6 7 8 9 10 11 12 | 12.3
Invocations    | 3 6 7 9 |  9.9
Dodging        | 1 3 5 |  5.3

Action                     |  1- 3 |  4- 6 |  7- 9 | 10-12 | 13-15 || total
---------------------------+-------+-------+-------+-------+-------++-------
  Melee: War axe           |    44 |   100 |   185 |       |       ||   329
         Hand axe          |       |       |    74 |   321 |   224 ||   619
         Morningstar       |       |       |       |       |     2 ||     2
  Throw: Dart              |     6 |    15 |    32 |     8 |     4 ||    65
 Invoke: Convert to Beogh  |       |       |     1 |       |       ||     1
         Give Item to Name |       |       |       |       |     3 ||     3
         Recall Orcish Fol |       |       |       |       |     3 ||     3
         Resurrection      |       |       |       |       |     1 ||     1
    Use: Potion            |       |     2 |     2 |     4 |     2 ||    10
         Scroll            |       |    12 |     9 |     9 |     6 ||    36
   Stab: Distracted        |       |       |       |     6 |     5 ||    11
         Invisible         |       |       |       |    16 |       ||    16
         Confused          |       |       |       |     1 |       ||     1
         Paralysed         |       |       |       |     1 |     1 ||     2
         Petrified         |       |       |       |       |     1 ||     1
 Armour: Scale mail        |    23 |    53 |    62 |       |       ||   138
         Chain mail        |       |       |    23 |     6 |       ||    29
         Plate armour      |       |       |       |    80 |    71 ||   151
  Dodge: Dodged            |    12 |    43 |    76 |   117 |    72 ||   320
  Block: Buckler           |    12 |     4 |       |       |       ||    16
         Kite shield       |       |    37 |   135 |   138 |   103 ||   413
